 Dungeon Crawl Stone Soup version 0.24-a0-181-gd121a6d (console) character file.

Game seed: 4389044905621221618

42 Duffy the Insei (level 3, -1/23 HPs)
             Began as an Octopode Transmuter on Mar 14, 2019.
             Slain by a rat (3 damage)
             ... on level 2 of the Dungeon.
             The game lasted 00:01:05 (1527 turns).

Duffy the Insei (Octopode Transmuter)               Turns: 1527, Time: 00:01:05

Health: -1/23      AC:  1    Str:  9    XL:     3   Next: 56%
Magic:  6/6        EV: 13    Int: 16    God:
Gold:   22         SH:  0    Dex: 12    Spells: 1/7 levels left

rFire    . . .     SeeInvis .     - Unarmed
rCold    . . .     Gourm    .   (no shield)
rNeg     . . .     Faith    .   (helmet restricted)
rPois    .         Spirit   .   (no amulet)
rElec    .         Reflect  .   h - ring of stealth
rCorr    .         Harm     .   (no ring)
MR       .....                  (no ring)
Stlth    +++.......             (no ring)
HPRegen  0.07/turn              (no ring)
MPRegen  0.10/turn              (no ring)
                                (no ring)
                                (no ring)

@: no status effects
A: almost no armour, stealthy swim, amphibious, 8 rings, constrict 8, camouflage
1, gelatinous body 1
a: no special abilities


You were on level 2 of the Dungeon.
You were not hungry.

You visited 1 branch of the dungeon, and saw 2 of its levels.

You collected 22 gold pieces.

Inventory:

Missiles
 a - 12 arrows
Armour
 g - a +0 buckler
Jewellery
 h - a ring of stealth (left tentacle)
Scrolls
 d - a scroll of teleportation {unknown}
 i - a scroll of fear {unknown}
 l - 2 scrolls of blinking {unknown}
 m - a scroll of identify {unknown}
 n - a scroll of enchant armour {unknown}
 o - a scroll of noise {unknown}
Potions
 b - a potion of lignification {unknown}
 e - 2 potions of curing {unknown}
 f - a potion of heal wounds {unknown}
 j - a potion of mutation {unknown}
 k - a potion of invisibility {unknown}
 p - a potion of haste {unknown}
Comestibles
 c - 9 rations
 q - a chunk of flesh


   Skills:
 - Level 1.0 Fighting
 - Level 2.0 Dodging
 + Level 3.4 Unarmed Combat
 + Level 2.6 Spellcasting
 + Level 2.7 Transmutations
 + Level 0.4 Poison Magic


You had one spell level left.
You knew the following spells:

 Your Spells              Type           Power        Failure   Level  Hunger
h - Spider Form           Tmut/Pois      #.........   30%         3    ###....
j - Sticks to Snakes      Tmut           ##......     10%         2    ##.....
k - Beastly Appendage     Tmut           ##....       6%          1    #......

Your spell library contained the following spells:

 Spells                   Type           Power        Failure   Level  Hunger
 Ice Form                 Ice/Tmut       #.......     73%         4    #####..
 Blade Hands              Tmut           ##........   87%         5    ######.


Dungeon Overview and Level Annotations

Branches:
Dungeon (2/15)

Altars:


Innate Abilities, Weirdness & Mutations

You cannot wear most types of armour.
You are very stealthy in the water. (Stealth+)
You are amphibious.
You can wear up to eight rings at the same time.
You can use your tentacles to constrict eight enemies at once.
Your skin changes colour to match your surroundings (Stealth+).
Your rubbery body absorbs attacks. (AC +1, EV +1)


Message History

You tentacle-slap the quokka. Your grab misses the quokka.
The quokka is severely wounded.
The rat closely misses you. The quokka closely misses you.
You tentacle-slap the quokka but do no damage.
Your grab misses the quokka.
The quokka is severely wounded.
The rat bites you but does no damage.
The rat twitches its whiskers.
The quokka barely misses you.
You barely miss the quokka. You grab the quokka.
The quokka is severely wounded.
You constrict the quokka. The rat barely misses you. The quokka bites you.
You completely miss the quokka.
The quokka is almost dead.
You constrict the quokka.
You kill the quokka!
The rat misses you.
You barely miss the rat. You grab the rat. You constrict the rat.
The rat bites you. x2
You die... ##### #r@.### #r#...# #rr###.# #rrr.

#.######## ###
#..r.r#........### #.#
##...r#####....+..####
#.# #.$.## #....#
#.%.. ######.# .####
#..%.# #.#.. .......#
##..# ####'#####....


You could see 8 rats.

Vanquished Creatures
  An adder (D:2)
  A worm (D:2)
  A leopard gecko (D:1)
  A bat (D:1)
  A giant cockroach (D:2)
  2 hobgoblins (D:1)
  3 quokkas (D:2)
  4 frilled lizards
  5 kobolds
  13 rats
32 creatures vanquished.

Notes
Turn   | Place    | Note
-------+----------+-------------------------------------------
     0 | D:1      | Duffy the Octopode Transmuter began the quest for the Orb.
     0 | D:1      | Reached XP level 1. HP: 13/13 MP: 3/3
   407 | D:1      | Reached XP level 2. HP: 18/18 MP: 5/5
   953 | D:2      | Reached XP level 3. HP: 17/23 MP: 6/6
   957 | D:2      | Learned a level 2 spell: Sticks to Snakes
   961 | D:2      | Learned a level 3 spell: Spider Form
  1527 | D:2      | Slain by a rat

Levels and vault maps discovered:
D:1:      psy_arrival_spokes, layout_rooms
D:2:      layout_basic, first_ration, chequers_serial_rivers_small_3,
          minmay_rat_hole

Action                   || total
-------------------------++-------
Melee: Unarmed           ||    72
       Constrict         ||    19
       Tentacles         ||     9
       Punch             ||     3
 Stab: Sleeping          ||     7
       Distracted        ||     1
  Eat: Chunk             ||     2
Armor: Skin              ||     8
Dodge: Dodged            ||    38

Table legend:
 A = Non-vault XP
 B = Vault XP
 C = Vault XP percentage of total XP
 D = Non-vault monster count
 E = Vault monster count
 F = Vault count percentage of total count
                 A         B        C        D         E       F
            +---------+---------+-------+---------+---------+-------
      Total |      50 |      11 |  18.0 |      22 |      10 |  31.2
            +---------+---------+-------+---------+---------+-------
        D:1 |      17 |       0 |   0.0 |      11 |       0 |   0.0
        D:2 |      33 |      11 |  25.0 |      11 |      10 |  47.6
            +---------+---------+-------+---------+---------+-------
